 Dungeon Crawl Stone Soup version 0.25-a0-843-g6944ee31a2 (webtiles) character file.

Game seed: 1827760246382213551, levelgen mode: deterministic

182 Ge0ff the Caller (level 5, 0/37 HPs)
             Began as a Human Summoner on Apr 25, 2020.
             Slain by a bullfrog (5 damage)
             ... in a sewer.
             The game lasted 00:08:39 (3419 turns).

Ge0ff the Caller (Human Summoner)                   Turns: 3419, Time: 00:08:40

Health: 0/37       AC:  2    Str:  8    XL:     5   Next: 93%
Magic:  10/10      EV: 13    Int: 16    God:
Gold:   121        SH:  0    Dex: 17    Spells: 1/11 levels left

rFire    . . .     SeeInvis .   y - +0 dagger {don't train}
rCold    . . .     Gourm    +   (no shield)
rNeg     . . .     Faith    .   a - +0 robe
rPois    .         Spirit   .   (no helmet)
rElec    .         Reflect  .   (no cloak)
rCorr    +         Harm     .   (no gloves)
MR       .....                  (no boots)
Stlth    ++........             t - amulet of the gourmand
HPRegen  0.12/turn              u - +3 ring of dexterity
MPRegen  0.12/turn              w - ring of resist corrosion

@: lethally poisoned (0 -> -6)
A: no striking features
a: no special abilities


You were in a sewer.
You were completely stuffed.

You visited 1 branch of the dungeon, and saw 3 of its levels.
You also visited: Sewer.

You collected 121 gold pieces.

Inventory:

Hand Weapons
 y - a +0 dagger (weapon) {don't train}
Missiles
 v - 12 stones (quivered) {don't train}
 x - 24 arrows
Armour
 a - a +0 robe (worn)
Jewellery
 t - an amulet of the gourmand (around neck)
 u - a +3 ring of dexterity (left hand)
 w - a ring of resist corrosion (right hand)
Scrolls
 F - 2 scrolls of fog
Potions
 K - a potion of magic {!q}
Comestibles
 r - 5 rations
 X - a chunk of flesh


   Skills:
 - Level 1.0 Fighting
 - Level 2.0 Dodging
 - Level 2.0 Stealth
 + Level 3.6 Spellcasting
 + Level 5.2 Summonings
 * Level 1.5 Air Magic


You had one spell level left.
You knew the following spells:

 Your Spells              Type           Power        Failure   Level  Hunger
a - Summon Small Mammal   Summ           ###.         1%          1    None
d - Call Canine Familiar  Summ           ###.....     6%          3    ###....
l - Summon Lightning Spi  Summ/Air       ##......     41%         4    ####...
s - Call Imp              Summ           ###.....     3%          2    ##.....

Your spell library contained the following spells:

 Spells                   Type           Power        Failure   Level  Hunger
 Summon Guardian Golem    Hex/Summ       ##......     19%         3    ###....
 Summon Ice Beast         Ice/Summ       ##......     52%         4    ####...


Dungeon Overview and Level Annotations

Branches:
Dungeon (3/15)              Sewer (1/1)

Altars:


Message History

The bullfrog hits you. The adder bites you.
You are poisoned.
The adder poisons you! The ball python barely misses you.
The ball python constricts you.
Your hound misses the adder.
Casting: Call Canine Familiar (mildly dangerous; 6% risk of failure)
Confirm with . or Enter, or press ? or * to list all spells.
A beastly little devil appears in a puff of flame.
You feel sick. The bullfrog hits you.
* * * LOW HITPOINT WARNING * * *
The adder bites you.
* * * LOW HITPOINT WARNING * * *
You are lethally poisoned!
The adder poisons you!
Your hound bites the ball python.
The ball python dies!
The bullfrog barely misses you. The adder bites you but does no damage.
Really quaff
K - 2 potions of magic {!q}?
Magic courses through your body.
* * * LOW HITPOINT WARNING * * *
You feel sick.
Your hound closely misses the adder.
The bullfrog hits you.
You die...

...≈.#
#..≈.≈.#
≈≈≈≈≈#
#≈≈#≈§≈#
≈≈≈≈≈#
#≈≈≈≈≈≈#
≈≈≈≈≈#
#≈≈≈≈†≈#
≈≈≈≈≈#
#≈≈≈≈≈≈#
≈≈≈≈≈#
#≈≈≈≈≈≈#
≈≈≈≈≈#
#≈≈≈§§§#
≈≈≈≈≈#
#≈≈§SlF#
..≈.≈#
#≈≈§h@§#
....≈#
#≈≈§5§§#
..≈.##
#≈§§§#§#
≈≈†≈≈#
#≈≈§≈≈≈#
≈≈≈†≈#
#≈≈≈≈≈≈#
≈≈÷÷≈#
#≈≈≈≈≈≈#
≈≈≈÷≈#
#≈≈≈≈≈≈#
≈≈≈÷≈#
#####≈≈≈≈≈≈#
≈.≈≈##
#..###≈≈.≈.#


You could see a bullfrog, an adder, a frilled lizard, a friendly hound and a
friendly crimson imp.

Vanquished Creatures
  A dart slug (D:1)
  2 hobgoblins
  2 quokkas (D:3)
  A ball python (Sewer)
  A bat (D:1)
  2 frilled lizards (D:2)
  A goblin (D:2)
  4 rats
14 creatures vanquished.

Vanquished Creatures (collateral kills)
  A bullfrog (Sewer)
  10 river rats
  5 adders
  4 worms
  A dart slug (D:1)
  2 leopard geckos
  2 orcs (D:3)
  5 bats (D:1)
  A giant cockroach (D:1)
  4 hobgoblins
  2 kobolds (D:1)
  12 ball pythons (Sewer)
  3 frilled lizards
  4 goblins
  23 rats
79 creatures vanquished.

Grand Total: 93 creatures vanquished

Notes
Turn   | Place    | Note
-------+----------+-------------------------------------------
     0 | D:1      | Ge0ff the Human Summoner began the quest for the Orb.
     0 | D:1      | Reached XP level 1. HP: 13/13 MP: 3/3
   234 | D:1      | You fall into a shaft and drop 1 floor!
   269 | D:1      | Reached XP level 2. HP: 19/20 MP: 3/5
   490 | D:1      | Reached skill level 1 in Fighting
   972 | D:2      | Learned a level 2 spell: Call Imp
   978 | D:2      | Reached XP level 3. HP: 26/26 MP: 3/6
  1083 | D:2      | Learned a level 3 spell: Call Canine Familiar
  2160 | D:3      | Reached XP level 4. HP: 29/32 MP: 1/8
  2362 | D:3      | Found a glowing drain.
  2396 | Sewer    | Entered a sewer
  2797 | Sewer    | Reached skill level 5 in Summonings
  2797 | Sewer    | Reached XP level 5. HP: 21/37 MP: 2/9
  3043 | Sewer    | Learned a level 4 spell: Summon Lightning Spire
  3400 | Sewer    | Noticed a bullfrog
  3401 | Sewer    | Noticed a bullfrog
  3402 | Sewer    | Reached skill level 1 in Air Magic
  3415 | Sewer    | Killed a bullfrog
  3419 | Sewer    | Slain by a bullfrog

Levels and vault maps discovered:
D:1:      lightli_arrival_maybe_door_vault, layout_rooms, nrook_mini_vaults
D:2:      layout_basic, first_ration, solitary_fountain
D:3:      layout_basic, lightli_sewer_entry_pipes, kennysheep_cross_bottleneck,
          kennysheep_generic_room_11, uniq_terence
Sewer:    sewer_minmay_w

Skill      XL: |  1  2  3  4  5 |
---------------+----------------+-----
Fighting       | 1 |  1.0
Spellcasting   | 3 |  3.6
Summonings     | 5 |  5.2
Air Magic      | 1 |  1.5
Dodging        | |  2.0
Stealth        | |  2.0

Action                   |  1- 3 |  4- 6 || total
-------------------------+-------+-------++-------
Melee: Unarmed           |    73 |       ||    73
       Dagger            |    45 |    75 ||   120
Throw: Stone             |     4 |     5 ||     9
 Cast: Summon Small Mamm |    19 |       ||    19
       Call Imp          |    14 |    41 ||    55
       Call Canine Famil |       |     6 ||     6
  Use: Potion            |       |     5 ||     5
       Scroll            |       |     3 ||     3
 Stab: Sleeping          |     2 |       ||     2
       Distracted        |     1 |       ||     1
  Eat: Chunk             |    16 |     8 ||    24
Armor: Robe              |    23 |    15 ||    38
Dodge: Dodged            |    92 |    57 ||   149

Table legend:
 A = Non-vault XP
 B = Vault XP
 C = Vault XP percentage of total XP
 D = Non-vault monster count
 E = Vault monster count
 F = Vault count percentage of total count
                 A         B        C        D         E       F
            +---------+---------+-------+---------+---------+-------
      Total |      60 |     200 |  76.9 |      40 |      53 |  57.0
            +---------+---------+-------+---------+---------+-------
        D:1 |      28 |       0 |   0.0 |      21 |       0 |   0.0
        D:2 |      21 |       0 |   0.0 |      11 |       0 |   0.0
        D:3 |      11 |      40 |  78.4 |       8 |       8 |  50.0
      Sewer |       0 |     160 | 100.0 |       0 |      45 | 100.0
            +---------+---------+-------+---------+---------+-------
